 Dungeon Crawl Stone Soup version 0.31-a0-981-geadf994542 (webtiles) character file.

Game seed: 17218299505318052928

2076 senseless the Shield-Bearer (level 9, -9/74 HPs)
             Began as a Gnoll Fighter on Oct 31, 2023.
             Was a Priest of Okawaru.
             Mangled by a sixfirhy (12 damage)
             ... summoned by a kobold demonologist
             ... on level 6 of the Dungeon.
             The game lasted 00:13:21 (5334 turns).

senseless the Shield-Bearer (Gnoll Fighter)         Turns: 5334, Time: 00:13:24

Health: -9/74      AC: 16    Str: 20    XL:     9   Next: 26%
Magic:  24/24      EV:  9    Int: 10    God:    Okawaru [***...]
Gold:   209        SH:  6    Dex: 14    Spells: 16/16 levels left

rFire   + . .        i - +8 spear "Fel Rofa" {flame, rN+ MP+9 Int+3 Dex+2}
rCold   . . .        c - +0 buckler
rNeg    + + .        g - +0 chain mail
rPois   .            v - +1 helmet
rElec   .            (no cloak)
rCorr   .            s - +1 Delatra's gloves {ID++}
SInv    .            l - +0 pair of boots
Will    .....        (no amulet) Stlth
                     e - ring of protection from fire
HPRegen 0.32/turn    h - ring of positive energy
MPRegen 0.19/turn

%: no passive effects
@: no status effects
A: fangs 1, strong nose, distributed training
a: Renounce Religion, Heroism


You were on level 6 of the Dungeon.
You worshipped Okawaru.
Okawaru was most pleased with you.
You visited 1 branch of the dungeon, and saw 6 of its levels.
You also visited: Sewer.

You collected 209 gold pieces.

Inventory:

Hand Weapons
 i - the +8 spear "Fel Rofa" (weapon) {flame, rN+ MP+9 Int+3 Dex+2}
   (You found it on level 2 of the Dungeon)

   Int+3:     It affects your intelligence (+3).
   Dex+2:     It affects your dexterity (+2).
   rN+:       It protects you from negative energy.
   MP+9:      It affects your magic capacity (+9).
 j - the +1 short sword of Fik Menn {speed, rPois rN+}
   (You found it on level 6 of the Dungeon)

   rPois:     It protects you from poison rN+: It protects you from negative
   energy.
Missiles
 D - a throwing net
Armour
 c - a +0 buckler (worn)
 g - a +0 chain mail (worn)
 l - a +0 pair of boots (worn)
 s - the +1 Delatra's gloves (worn) {ID++}
   (You found it on level 3 of the Dungeon)

   ID++:      It heals its wearer when they drink unknown potions, and restores
   their MP when they read unknown scrolls.
 u - a scarf of harm
 v - a +1 helmet (worn)
 x - a +2 robe of cold resistance
Jewellery
 b - a ring of willpower
 e - a ring of protection from fire (left hand)
 h - a ring of positive energy (right hand)
Wands
 a - a wand of light (14)
Scrolls
 n - a scroll of blinking
 y - a scroll of enchant weapon {unknown}
 A - a scroll of revelation
Potions
 d - a potion of might
 f - 3 potions of heal wounds
 k - a potion of ambrosia {unknown}
 m - 2 potions of attraction
 o - 2 potions of mutation {unknown}
 p - a potion of brilliance {unknown}
 q - 4 potions of haste
 t - a potion of cancellation {unknown}
 w - 2 potions of curing {unknown}
 z - a potion of magic
 B - a potion of lignification {unknown}


   Skills:
 + Level 7.8 Fighting
 + Level 4.1 Short Blades
 + Level 4.1 Long Blades
 + Level 6.2 Axes
 + Level 4.1 Maces & Flails
 + Level 4.1 Polearms
 + Level 4.1 Staves
 + Level 4.1 Ranged Weapons
 + Level 4.1 Throwing
 + Level 7.8 Armour
 + Level 4.1 Dodging
 + Level 4.1 Stealth
 + Level 7.8 Shields
 + Level 4.1 Unarmed Combat
 + Level 4.1 Spellcasting
 + Level 3.4 Conjurations
 + Level 3.4 Hexes
 + Level 3.4 Summonings
 + Level 3.4 Necromancy
 + Level 3.4 Translocations
 + Level 3.4 Transmutations
 + Level 3.4 Fire Magic
 + Level 3.4 Ice Magic
 + Level 3.4 Air Magic
 + Level 3.4 Earth Magic
 + Level 3.4 Poison Magic
 + Level 4.5 Invocations
 + Level 4.1 Evocations
 + Level 3.7 Shapeshifting


You had 16 spell levels left.
You didn't know any spells.
Your spell library contained the following spells:

 Spells                   Type           Power      Damage    Failure   Level
 Kiss of Death            Conj/Necr      32%        2d7       41%         1
 Scorch                   Fire           16%        2d5       56%         2
 Static Discharge         Conj/Air       16%        3-4/arc   56%         2
 Sublimation of Blood     Necr           8%         N/A       56%         2
 Wereblood                Tmut           8%         N/A       56%         2
 Confusing Touch          Hex            8%         N/A       80%         3
 Airstrike                Air            4%         2d(1-17)  99%         4
 Dispel Undead            Necr           8%         3d8       99%         4
 Flame Wave               Conj/Fire      8%         2d5       99%         4
 Summon Lightning Spire   Summ/Air       Unusable   N/A       N/A         4
 Summon Cactus Giant      Summ           Unusable   N/A       N/A         6
 Summon Hydra             Summ           Unusable   N/A       N/A         7

Dungeon Overview and Level Annotations

Branches:
Dungeon (6/15)              Sewer (visited)
 Temple: D:4-7

Altars:
Cheibriados
Nemelex Xobeh
Okawaru
Trog

Annotations:
D:6 1 transporter


Innate Abilities, Weirdness & Mutations

You have very sharp teeth.
Your uncanny sense of smell can sniff out nearby items.
Your experience applies equally to all skills.


Message History

The sixfirhy is almost dead.
The hellwing hits you but does no damage.
The hellwing hits you.
Reach: i) +8 spear "Fel Rofa" {flame, rN+ MP+9 Int+3 Dex+2}
Press: ? - help, Dir - move target, f/p - kobold demonologist
Aim: a kobold demonologist, wielding a +0 dagger and wearing a +0 robe (lightly wounded, about 35% to evade the +8 spear "Fel Rofa")
You reach to attack!
You barely miss the kobold demonologist.
The kobold demonologist is lightly wounded.
The sixfirhy hits you but does no damage.
The sixfirhy barely misses you. You block the sixfirhy's attack.
The hellwing hits you but does no damage.
You block the hellwing's attack. The sixfirhy hits you.
The sixfirhy shocks you!
Reach: i) +8 spear "Fel Rofa" {flame, rN+ MP+9 Int+3 Dex+2}
Press: ? - help, Dir - move target, f/p - kobold demonologist
Aim: a kobold demonologist, wielding a +0 dagger and wearing a +0 robe (lightly wounded, about 35% to evade the +8 spear "Fel Rofa")
You reach to attack!
You closely miss the kobold demonologist.
The kobold demonologist is lightly wounded.
The sixfirhy barely misses you. The sixfirhy closely misses you.
The sixfirhy hits you but does no damage. x2
The sixfirhy closely misses you. You block the hellwing's attack. x2
The sixfirhy hits you!
* * * LOW HITPOINT WARNING * * *
The sixfirhy shocks you!
* * * LOW HITPOINT WARNING * * *
The sixfirhy barely misses you.
The sixfirhy hits you but does no damage. x2
There is an open door here.
You hit the hellwing but do no damage.
You bite the hellwing, but do no damage.
The sixfirhy hits you but does no damage.
You puncture the sixfirhy! You burn the sixfirhy.
Your bite misses the sixfirhy.
The sixfirhy is almost dead.
The sixfirhy hits you!
* * * LOW HITPOINT WARNING * * *
The sixfirhy shocks you!
You die...

### #.#.#
###################...#
###.................#.#
###.###############.#.#
###.#8~#....)..#~8#.#.#
###.#P.#≈≈≈≈≈≈≈#.~#.#.#
....#$)#..~~~..#..#...#
#..©#©.'..~⌠~.4'3©#©..#
##..#$:#..~~~.3#@.#...#
##.#P.#≈≈≈≈≈≈≈#.~#.#.#
#.#8~#...)5KK#~8#.#.#
#.###############.#.#
#.................#.#
#########.............#
.....###.......###...##
.....##............#.#######
......#..#.###.#...#.......##


You could see a hellwing (summoned), 2 kobold demonologists, 2 sixfirhies and a
shadow imp.

Vanquished Creatures
  Sigmund (D:3)
  Pargi (Sewer)
  An ice beast (D:6)
  An orc warrior (D:6)
  A sky beast (D:6)
  A black bear (D:5)
  2 ogres (D:6)
  A kobold brigand (D:6)
  A phantom (D:6)
  A gnoll sergeant (D:6)
  3 scorpions
  7 hounds
  3 jellies
  4 orc priests
  2 iguanas (D:6)
  A sleepcap (D:5)
  2 orc wizards (D:3)
  Robin (D:3)
  12 gnolls
  10 adders
  3 shadow imps
  2 worms
  4 dart slugs
  19 orcs
  6 endoplasms
  2 giant cockroaches
  9 hobgoblins
  2 jackals (D:1)
  5 quokkas
  13 ball pythons
  9 bats
  7 frilled lizards
  12 goblins
  6 kobolds
  6 rats
161 creatures vanquished.

Notes
Turn   | Place    | Note
-------+----------+-------------------------------------------
     0 | D:1      | senseless the Gnoll Fighter began the quest for the Orb.
     0 | D:1      | Reached XP level 1. HP: 23/23 MP: 1/1
   189 | D:1      | Reached XP level 2. HP: 26/29 MP: 2/2
   396 | D:1      | Reached XP level 3. HP: 31/35 MP: 3/3
   674 | D:2      | Reached skill level 1 in Invocations
   728 | D:2      | Identified the +8 spear "Fel Rofa" {flame, rN+ MP+9 Int+3
                  | Dex+2}
   922 | D:2      | Reached skill level 1 in Short Blades
   922 | D:2      | Reached skill level 1 in Long Blades
   922 | D:2      | Reached skill level 1 in Maces & Flails
   922 | D:2      | Reached skill level 1 in Polearms
   922 | D:2      | Reached skill level 1 in Staves
   922 | D:2      | Reached skill level 1 in Ranged Weapons
   922 | D:2      | Reached skill level 1 in Throwing
   922 | D:2      | Reached skill level 1 in Dodging
   922 | D:2      | Reached skill level 1 in Stealth
   922 | D:2      | Reached skill level 1 in Unarmed Combat
   922 | D:2      | Reached skill level 1 in Spellcasting
   922 | D:2      | Reached skill level 1 in Evocations
  1258 | D:2      | Reached XP level 4. HP: 41/41 MP: 5/5
  1695 | D:3      | Reached skill level 1 in Shapeshifting
  1766 | D:3      | Reached skill level 1 in Conjurations
  1766 | D:3      | Reached skill level 1 in Hexes
  1766 | D:3      | Reached skill level 1 in Summonings
  1766 | D:3      | Reached skill level 1 in Necromancy
  1766 | D:3      | Reached skill level 1 in Translocations
  1766 | D:3      | Reached skill level 1 in Transmutations
  1766 | D:3      | Reached skill level 1 in Fire Magic
  1766 | D:3      | Reached skill level 1 in Ice Magic
  1766 | D:3      | Reached skill level 1 in Air Magic
  1766 | D:3      | Reached skill level 1 in Earth Magic
  1766 | D:3      | Reached skill level 1 in Poison Magic
  1850 | D:3      | Reached XP level 5. HP: 47/47 MP: 6/6
  1865 | D:3      | Found a faded altar of an unknown god.
  1873 | D:3      | Prayed at the altar of an unknown god.
  1873 | D:3      | Became a worshipper of Warmaster Okawaru
  1873 | D:3      | Reached * piety under Okawaru
  1880 | D:3      | Found the +1 Delatra's gloves {ID++}
  2007 | D:3      | Noticed Robin
  2014 | D:3      | Killed Robin
  2230 | D:3      | Noticed Sigmund
  2242 | D:3      | Killed Sigmund
  2242 | D:3      | Reached ** piety under Okawaru
  2243 | D:3      | Reached skill level 5 in Axes
  2243 | D:3      | Reached XP level 6. HP: 39/53 MP: 9/9
  2445 | D:4      | Reached XP level 7. HP: 53/59 MP: 10/10
  2583 | D:4      | Found a glowing drain.
  2592 | Sewer    | Entered a sewer
  2636 | Sewer    | Noticed Pargi
  2642 | Sewer    | Killed Pargi
  2689 | Sewer    | Reached *** piety under Okawaru
  2862 | D:4      | Found a sparkling altar of Nemelex Xobeh.
  3171 | D:5      | Entered Level 5 of the Dungeon
  3250 | D:5      | Found an iron altar of Okawaru.
  3615 | D:5      | Reached XP level 8. HP: 67/67 MP: 12/12
  4165 | D:6      | Reached **** piety under Okawaru
  4348 | D:6      | Found a transporter.
  4356 | D:6      | Noticed a kobold demonologist
  4361 | D:6      | Noticed a kobold demonologist
  4510 | D:6      | Found a transporter.
  4511 | D:6      | Identified the +1 short sword of Fik Menn {speed, rPois
                  | rN+}
  4629 | D:6      | Reached XP level 9. HP: 73/73 MP: 14/14
  4719 | D:6      | Found a snail-covered altar of Cheibriados.
  4755 | D:6      | Found a bloodstained altar of Trog.
  5058 | D:6      | Noticed an orange demon
  5060 | D:6      | Noticed a rust devil
  5071 | D:6      | Noticed a sixfirhy
  5089 | D:6      | Noticed a sixfirhy
  5319 | D:6      | Noticed a sixfirhy
  5325 | D:6      | Noticed a hellwing
  5328 | D:6      | Noticed a sixfirhy
  5334 | D:6      | HP: 3/74 [sixfirhy[a kobold demonologist] (9)]
  5334 | D:6      | Mangled by a sixfirhy

Illustrated notes

Levels and vault maps discovered:
D:1:      minmay_arrival_doors, layout_basic, hex_intersection
D:2:      layout_basic
D:3:      layout_loops_ring, ebering_ecumenical_altar_abandoned,
          grunt_ministairs_12, uniq_sigmund, uniq_robin
D:4:      layout_cave_pools, nemelex_xobeh_ov_fountains_minmay,
          portal_sewer_entry_a
D:5:      black_bear_nest_1, layout_basic, okawaru_metal_pillars_1_2
D:6:      gammafunk_wand_slinger, layout_basic, mainiacjoe_overflow_two_lobes,
          st_stairs_10

Skill      XL: |  1  2  3  4  5  6  7  8  9 |
---------------+----------------------------+-----
Invocations    | 1 2 3 4 |  4.5
Short Blades   | 1 2 3 4 |  4.1
Long Blades    | 1 2 3 4 |  4.1
Maces & Flails | 1 2 3 4 |  4.1
Polearms       | 1 2 3 4 |  4.1
Staves         | 1 2 3 4 |  4.1
Ranged Weapons | 1 2 3 4 |  4.1
Throwing       | 1 2 3 4 |  4.1
Dodging        | 1 2 3 4 |  4.1
Stealth        | 1 2 3 4 |  4.1
Unarmed Combat | 1 2 3 4 |  4.1
Spellcasting   | 1 2 3 4 |  4.1
Evocations     | 1 2 3 4 |  4.1
Shapeshifting  | 1 2 3 |  3.7
Conjurations   | 1 2 3 |  3.4
Hexes          | 1 2 3 |  3.4
Summonings     | 1 2 3 |  3.4
Necromancy     | 1 2 3 |  3.4
Translocations | 1 2 3 |  3.4
Transmutations | 1 2 3 |  3.4
Fire Magic     | 1 2 3 |  3.4
Ice Magic      | 1 2 3 |  3.4
Air Magic      | 1 2 3 |  3.4
Earth Magic    | 1 2 3 |  3.4
Poison Magic   | 1 2 3 |  3.4
Axes           | 5 6 |  6.2
Fighting       | 7 |  7.8
Armour         | 7 |  7.8
Shields        | 7 |  7.8

Action                     |  1- 3 |  4- 6 |  7- 9 || total
---------------------------+-------+-------+-------++-------
  Melee: War axe           |    57 |       |       ||    57
         Bite              |     6 |     5 |    19 ||    30
         Spear             |    25 |    99 |   236 ||   360
 Invoke: Heroism           |       |       |     1 ||     1
         Finesse           |       |       |     1 ||     1
    Use: Scroll            |       |     4 |    12 ||    16
 Armour: Scale mail        |    47 |    48 |    18 ||   113
         Chain mail        |       |       |    83 ||    83
  Dodge: Dodged            |    27 |    25 |    71 ||   123
  Block: Buckler           |    24 |    16 |    39 ||    79

Table legend: (Time is in decaauts)
 A = Elapsed time spent in this place.
 B = Non-inter-level travel time spent in this place.
 C = Inter-level travel time spent in this place.
 D = Time resting spent in this place.
 E = Time spent auto-exploring this place.
 F = Levels seen in this place.
 G = Mean time per level.
                   A        B        C        D        E       F      G
               +--------+--------+--------+--------+--------+-----+--------+
         Total |   5358 |   5184 |    174 |    218 |   4040 |   7 |  765.4 |
       Dungeon |   5180 |   5006 |    174 |    218 |   3936 |   6 |  863.3 |
         Sewer |    177 |    177 |      0 |      0 |    103 |   1 |  177.0 |
               +--------+--------+--------+--------+--------+-----+--------+

Top non-repeatable levels by time:
     D:6: 1200 daAuts
     D:2: 1047 daAuts
     D:5: 932 daAuts
     D:3: 744 daAuts
     D:1: 648 daAuts
     D:4: 608 daAuts
   Sewer: 177 daAuts
